 Dungeon Crawl Stone Soup version 0.29.0-4-gdea44cf6ec (webtiles) character file.

Game seed: 7755018487716376496

19 qw the Chopper (level 2, 0/17 HPs)
             Began as a Tengu Warper on Aug 29, 2022.
             Slain by a hobgoblin (1 damage)
             ... on level 2 of the Dungeon.
             The game lasted 00:00:15 (1213 turns).

qw the Chopper (Tengu Warper)                       Turns: 1213, Time: 00:00:15

Health: 0/17       AC:  3    Str: 11    XL:     2   Next: 75%
Magic:  6/6        EV: 11    Int: 13    God:
Gold:   101        SH:  0    Dex: 13    Spells: 5/5 levels left

rFire   . . .      SeeInvis .   Y - +1 hand axe
rCold   . . .      Faith    .   (no shield)
rNeg    . . .      Spirit   .   b - +0 leather armour
rPois   .          Reflect  .   (helmet restricted)
rElec   .          Harm     .   (no cloak)
rCorr   .          Rampage  .   (no gloves)
Will    .....                   (boots unavailable)
Stlth   +.........              (no amulet)
HPRegen 0.05/turn               (no ring)
MPRegen 0.10/turn               (no ring)

@: no status effects
A: beak, talons 3
a: no special abilities


You were on level 2 of the Dungeon.
You visited 1 branch of the dungeon, and saw 2 of its levels.

You collected 101 gold pieces.


Innate Abilities, Weirdness & Mutations

You have a beak for a mouth.
You have claws for feet.


   Skills:
 - Level 2.0 Fighting
 + Level 3.5 Axes
 - Level 1.0 Throwing
 - Level 1.1 Armour
 - Level 2.1 Dodging
 - Level 2.0 Spellcasting
 - Level 2.4 Translocations


You had 5 spell levels left.
You didn't know any spells.
Your spell library contained the following spells:

 Spells                   Type           Power      Damage    Failure   Level
 Blink                    Tloc           14%        N/A       19%         2
 Gell's Gravitas          Tloc           7%         N/A       36%         3
 Lesser Beckoning         Tloc           7%         N/A       36%         3
 Teleport Other           Tloc           7%         N/A       36%         3
 Manifold Assault         Tloc           7%         N/A       98%         5

Inventory:

Hand Weapons
 a - a +0 club
 Y - a +1 hand axe (weapon)
Armour
 b - a +0 leather armour (worn)
Scrolls
 f - a scroll of identify
Potions
 e - a potion of resistance
 h - a potion of attraction {unknown}

Dungeon Overview and Level Annotations

Branches:
Dungeon (2/15)

Altars:


Message History

The scorpion stings you. The scorpion misses you.
You barely miss the scorpion.
The scorpion is heavily wounded.
The scorpion barely misses you.
You closely miss the scorpion.
The scorpion is heavily wounded.
The scorpion closely misses you.
The scorpion stings you but does no damage.
You hit the scorpion but do no damage.
The scorpion is heavily wounded.
The scorpion misses you.
You hit the scorpion but do no damage.
The scorpion is heavily wounded.
The scorpion stings you but does no damage.
You closely miss the scorpion. Your kick misses the scorpion.
You peck the scorpion, but do no damage.
The scorpion is heavily wounded.
You closely miss the hobgoblin. The scorpion stings you.
The hobgoblin barely misses you. The scorpion stings you!
You hit the scorpion.
You claw the scorpion, but do no damage.
The scorpion is heavily wounded.
You hit the hobgoblin but do no damage. The hobgoblin barely misses you.
The scorpion stings you but does no damage.
A ball python comes into view.
The hobgoblin closely misses you.
You closely miss the scorpion.
The ball python hisses angrily.
You peck the scorpion, but do no damage.
The scorpion is heavily wounded.
You barely miss the hobgoblin. The scorpion barely misses you.
The hobgoblin barely misses you. The scorpion misses you.
You hit the scorpion.
The scorpion is almost dead.
You hit the hobgoblin but do no damage. The hobgoblin hits you.
You die...

###'### #.....#
#.....# #.....#
#.....##
#......##
#.......# .
#.....#.####.?..
#######.@s......
#g###..... #'#
... ... # ....
S#.$^ .8.8.8g ..
...


You could see a scorpion, a hobgoblin and a ball python.

Vanquished Creatures
  2 bats (D:2)
  An endoplasm (D:2)
  A giant cockroach (D:1)
  4 goblins
  3 hobgoblins (D:1)
  A quokka (D:1)
  A ball python (D:1)
  2 kobolds
  A rat (D:2)
16 creatures vanquished.

Notes
Turn   | Place    | Note
-------+----------+-------------------------------------------
     0 | D:1      | qw the Tengu Warper began the quest for the Orb.
     0 | D:1      | Reached XP level 1. HP: 12/12 MP: 4/4
     0 | D:1      | 0 ||| qw: Version: 0.1-a-89-g26bdef1
     0 | D:1      | 0 ||| qw: Game counter: 3538
     0 | D:1      | 0 ||| qw: Always use a shield: true
     0 | D:1      | 0 ||| qw: God list: Okawaru
     0 | D:1      | 0 ||| qw: Allow faded altars: false
     0 | D:1      | 0 ||| qw: Do Orc after D:15 true
     0 | D:1      | 0 ||| qw: Do second Lair branch before Depths: true
     0 | D:1      | 0 ||| qw: Lair rune preference: random
     0 | D:1      | 0 ||| qw: Plans: Normal
     0 | D:1      | 0 ||| PLANNING D:1-11
    85 | D:1      | Found a faded altar of an unknown god.
   258 | D:1      | Reached XP level 2. HP: 17/17 MP: 6/6
   368 | D:1      | Reached skill level 3 in Axes
   970 | D:1      | 970 ||| READING scroll labelled RAYXIY EQIC.
   974 | D:1      | 974 ||| READING 3 scrolls labelled UNTIUC WUINT.
   975 | D:1      | 975 ||| READING scroll labelled HILADGH FETA.
   976 | D:1      | 976 ||| READING 2 scrolls of identify.
   976 | D:1      | 976 ||| IDENTIFYING fuming amethyst potion
   977 | D:1      | 977 ||| DROPPING scroll of blinking.
   995 | D:2      | 995 ||| Stepping ~*~*~tactically~*~*~ (stealth).
  1035 | D:2      | 1035 ||| Stepping ~*~*~tactically~*~*~ (stealth).
  1196 | D:2      | 1196 ||| Stepping ~*~*~tactically~*~*~ (stealth).
  1196 | D:2      | Noticed a scorpion
  1210 | D:2      | HP: 1/17 [scorpion (7)]
  1213 | D:2      | Slain by a hobgoblin

Levels and vault maps discovered:
D:1:      psy_arrival_statuary, layout_basic,
          dreamdust_ecumenical_altar_hidden_monk_grotto
D:2:      layout_basic, serial_shops, shop, dk_noncrumbling_3,
          uniq_crazy_yiuf_cottage

Skill      XL: |  1  2 |
---------------+-------+-----
Axes           | 3 |  3.5
Fighting       | |  2.0
Throwing       | |  1.0
Armour         | |  1.1
Dodging        | |  2.1
Spellcasting   | |  2.0
Translocations | |  2.4

Action                   || total
-------------------------++-------
Melee: Hand axe          ||    42
       Peck              ||    11
       Kick              ||     4
Throw: Boomerang         ||     7
  Use: Scroll            ||     4
Armor: Leather armour    ||    12
Dodge: Dodged            ||    27

Table legend:
 A = Non-vault XP
 B = Vault XP
 C = Vault XP percentage of total XP
 D = Non-vault monster count
 E = Vault monster count
 F = Vault count percentage of total count
                 A         B        C        D         E       F
            +---------+---------+-------+---------+---------+-------
      Total |      28 |       0 |   0.0 |      16 |       0 |   0.0
            +---------+---------+-------+---------+---------+-------
        D:1 |      16 |       0 |   0.0 |       9 |       0 |   0.0
        D:2 |      12 |       0 |   0.0 |       7 |       0 |   0.0
            +---------+---------+-------+---------+---------+-------
